cohdb
Replays
Latest Replays
All Replays
Popular Replays
Top Player Replays
Match Explorer
How It Works
Community
CoH3 Stats
Reddit
Sign in to upload your games and track your stats! →
Sign in with Steam
Match 46964273
Unlisted
Match 46964273
Overview
Messages
Build Orders
End
Kettenkrad Recon Vehicle
Construct Infanterie Kompanie
Selects Terror Battlegroup
Selects Machine Gun Camouflage
MG 42 Machine Gun Team
Grenadier Squad
MG 42 Machine Gun Team
Construct Luftwaffe Kompanie
MG 42 Bunker
221 Scout Car
Pioneer Squad
Support Elements
Marder III M Tank Destroyer
Selects Contempt for the Weak
Selects Propaganda Leaflet Drop
Construct Panzergrenadier Kompanie
Wirbelwind Flakpanzer
Pioneer Squad
Pak 40 Anti-tank Gun Team
Nebelwerfer 42 Rocket Launcher Team
Guderian ITA
PRoman
0
0
Comments
sign in to comment!
No comments posted yet!